 Dungeon Crawl Stone Soup version 0.28-a0-1518-gbe868bca14 (webtiles) character file.

Game seed: 14676617479589713874

1677 fragbeetle the Insei (level 8, -1/67 HPs)
             Began as a Purple Draconian Transmuter on Jan 17, 2022.
             Slain by a gnoll sergeant (13 damage)
             ... on level 5 of the Dungeon.
             The game lasted 00:16:27 (5696 turns).

fragbeetle the Insei (Purple Draconian Transmuter)  Turns: 5696, Time: 00:16:28

Health: -1/67      AC:  2    Str: 13    XL:     8   Next: 70%
Magic:  13/13      EV: 21    Int: 13    God:
Gold:   181        SH:  0    Dex: 19    Spells: 6/14 levels left

rFire   . . .      SeeInvis .     - Unarmed
rCold   . . .      Faith    .   (shield currently unavailable)
rNeg    . . .      Spirit   .   (armour unavailable)
rPois   x          Reflect  .   (helmet currently unavailable)
rElec   .          Harm     .   (cloak currently unavailable)
rCorr   .          Rampage  .   (gloves currently unavailable)
Will    +....                   (boots currently unavailable)
Stlth   ++........              l - amulet of regeneration
HPRegen 1.01/turn               (no ring)
MPRegen 0.13/turn               (no ring)

@: spider-form (expiring)
A: venomous fangs, (breathe power), AC +6, tiny, unfitting armour,
(cold-blooded)
a: End Transformation


You were on level 5 of the Dungeon.
You were a venomous arachnid creature.
You visited 2 branches of the dungeon, and saw 6 of its levels.

You collected 181 gold pieces.

Inventory:

Hand Weapons
 a - a +3 spear
 b - a +0 hunting sling
 k - a +1 whip of draining
 m - a +0 flail of protection
 r - a +3 short sword of draining
 t - a +4 quarterstaff of chaos
Missiles
 e - 7 atropa-tipped darts
 f - 115 stones
 s - a throwing net
 z - 39 sling bullets
 F - 4 poisoned darts
Armour
 q - a +0 buckler
 u - a +1 cloak (melded)
Magical Staves
 C - a staff of conjuration
Jewellery
 l - an amulet of regeneration (around neck)
Wands
 x - a wand of acid (11)
Scrolls
 c - 3 scrolls of teleportation {unknown}
 d - 3 scrolls of enchant armour
 i - 3 scrolls of blinking {unknown}
 j - a scroll of enchant weapon {unknown}
 p - 7 scrolls of identify {unknown}
 y - a scroll of vulnerability {unknown}
 A - a scroll of fog {unknown}
 B - 3 scrolls of noise {unknown}
 E - a scroll of immolation {unknown}
Potions
 g - 3 potions of heal wounds {unknown}
 h - 2 potions of mutation {unknown}
 n - 2 potions of attraction {unknown}
 o - a potion of cancellation {unknown}
 v - a potion of haste {unknown}
 w - a potion of lignification {unknown}
 D - a potion of magic {unknown}
 G - a potion of curing


   Skills:
 + Level 4.5 Fighting
 + Level 4.0 Dodging
 * Level 6.5 Unarmed Combat
 + Level 3.9 Spellcasting
 + Level 4.7 Transmutations
 * Level 4.0 Ice Magic
 - Level 3.0 Poison Magic


You had 6 spell levels left.
You knew the following spells:

 Your Spells              Type           Power      Damage    Failure   Level
a - Beastly Appendage     Tmut           28%        N/A       11%         1
b - Spider Form           Tmut/Pois      12%        N/A       30%         3
c - Ice Form              Ice/Tmut       14%        N/A       56%         4

Your spell library contained the following spells:

 Spells                   Type           Power      Damage    Failure   Level
 Sting                    Tmut/Pois      48%        1d5       13%         1
 Wereblood                Tmut           14%        N/A       13%         2
 Poisonous Vapours        Pois/Air       12%        N/A       36%         2
 Olgreb's Toxic Radiance  Pois           10%        N/A       73%         4
 Gell's Gravitas          Tloc           2%         N/A       75%         3
 Lesser Beckoning         Tloc           2%         N/A       75%         3
 Teleport Other           Tloc           2%         N/A       75%         3


Dungeon Overview and Level Annotations

Branches:
Dungeon (5/15)             Temple (1/1) D:5

Altars:
Cheibriados
Dithmenos
Elyvilon
Fedhas
Gozag
Hepliaklqana
Kikubaaqudgha
Makhleb
Nemelex Xobeh
Okawaru
Qazlal
Ru
Sif Muna
Uskayaw
Vehumet
Xom
Yredelemnul
Zin
The Shining One


Innate Abilities, Weirdness & Mutations

You are a venomous arachnid creature.
You have poisonous fangs.
You are tiny and dextrous.
Your spellcasting is less reliable in this form.
Your armour is entirely melded.
You are incapable of wielding weapons or throwing items.
((You can breathe bolts of dispelling energy.))
((Your rich purple scales are hard. (AC +6)))
You cannot fit into any form of body armour.
((You are cold-blooded and may be slowed by cold attacks.))


Message History

The orc warrior is severely wounded.
A scorpion comes into view.
The orc warrior hits you with a +0 dire flail!
* * * LOW HITPOINT WARNING * * *
You hit the orc warrior but do no damage.
The orc warrior looks as sick as possible!
The orc warrior is severely wounded.
A howler monkey zombie comes into view.
You hit the orc warrior but do no damage.
The orc warrior looks as sick as possible!
The orc warrior is severely wounded.
The orc warrior misses you.
A hound comes into view.
You hit the orc warrior.
The orc warrior is almost dead.
You kill the orc warrior!
Your Dodging skill increases to level 4!
Your Ice Magic skill increases to level 4!
Okay, then.
The hound stops to sniff the ground.
The hound closely misses you.
As you read the scroll labelled ZIUT MILUMUMIG, it crumbles to dust.
It is a scroll of enchant armour.
Your +0 cloak glows green for a moment.
The hound bites you.
* * * LOW HITPOINT WARNING * * *
Your transformation is almost over.
The hound bites you.
* * * LOW HITPOINT WARNING * * *
The centaur wields a +0 shortbow.
The centaur shoots an arrow.
The arrow closely misses you. The hound closely misses you.
The hound pauses to sniff the ground.
The hound misses you.
The centaur shoots an arrow.
The arrow hits you!
* * * LOW HITPOINT WARNING * * *
The hound closely misses you.
There is a stone staircase leading down here.
The hound bites you.
* * * LOW HITPOINT WARNING * * *
The gnoll sergeant hits you from afar with a +0 spear!
You die...

#........#........#
##.......#........#
.#...†...#........#
.#..##...##.s.....#
.#..######........#
##...# #.......##
#....# ##...Shg##
.....# #.....ch.#
#...## #......s.#
##### #........# .#
#........# .#
#.......## .#
#.####### ## ### #


You could see a gnoll sergeant, a centaur, a scorpion, 2 hounds and an adder.

Vanquished Creatures
  2 orc warriors (D:5)
  A sky beast (D:5)
  2 ogres (D:5)
  2 centaurs
  A gnoll sergeant (D:3)
  A scorpion (D:3)
  4 howler monkeys
  A centaur zombie (D:5)
  A bullfrog skeleton (D:5)
  3 orc priests
  Crazy Yiuf (D:3)
  3 hounds
  3 orc wizards
  A hound skeleton (D:4)
  A howler monkey zombie (D:5)
  Robin (D:3)
  20 gnolls
  8 adders
  A white imp (D:5)
  An adder skeleton (D:5)
  A worm (D:5)
  3 dart slugs
  33 orcs
  6 endoplasms
  2 giant cockroaches
  14 goblins
  4 hobgoblins
  18 jackals
  3 quokkas
  6 ball pythons
  6 bats
  A frilled lizard (D:2)
  3 kobolds (D:2)
  6 rats
164 creatures vanquished.

Vanquished Creatures (others)
  An orc (D:5)
  A kobold (D:4)
  A fungus (D:3)
  2 plants (D:3)
5 creatures vanquished.

Grand Total: 169 creatures vanquished

Notes
Turn   | Place    | Note
-------+----------+-------------------------------------------
     0 | D:1      | fragbeetle the Draconian Transmuter began the quest for the
                  | Orb.
     0 | D:1      | Reached XP level 1. HP: 16/16 MP: 3/3
   200 | D:1      | Reached XP level 2. HP: 23/23 MP: 3/5
   990 | D:2      | Reached XP level 3. HP: 24/29 MP: 6/6
   994 | D:2      | Learned a level 3 spell: Spider Form
  1172 | D:2      | Reached XP level 4. HP: 35/36 MP: 5/7
  1583 | D:2      | Reached skill level 1 in Poison Magic
  1597 | D:2      | Reached skill level 4 in Unarmed Combat
  1944 | D:3      | Noticed a scorpion
  1992 | D:3      | Noticed Robin
  1998 | D:2      | Reached XP level 5. HP: 29/41 MP: 6/8
  2093 | D:3      | Killed Robin
  2193 | D:3      | Found a runed translucent door.
  2194 | D:3      | Noticed Crazy Yiuf
  2584 | D:3      | Reached XP level 6. HP: 37/50 MP: 4/9
  3253 | D:3      | Learned a level 4 spell: Ice Form
  3547 | D:3      | Your scales start taking on a rich purple colour.
  3547 | D:3      | Reached XP level 7. HP: 57/57 MP: 5/10
  3565 | D:3      | Reached skill level 5 in Unarmed Combat
  3636 | D:3      | Reached skill level 1 in Ice Magic
  3902 | D:3      | Killed Crazy Yiuf
  4294 | D:4      | Found an opulent altar of Gozag.
  4294 | D:4      | Found a hazy altar of Hepliaklqana.
  4527 | D:4      | Found a glowing golden altar of the Shining One.
  4530 | D:4      | Noticed an angel
  4551 | D:4      | Found a basalt altar of Yredelemnul.
  4553 | D:4      | Noticed a profane servitor
  4787 | D:5      | Entered Level 5 of the Dungeon
  4790 | D:5      | Found a blossoming altar of Fedhas.
  4881 | D:5      | Found a staircase to the Ecumenical Temple.
  4905 | Temple   | Entered the Ecumenical Temple
  5192 | Temple   | Reached XP level 8. HP: 30/66 MP: 9/12
  5333 | D:5      | Reached skill level 6 in Unarmed Combat
  5495 | D:5      | Found a hide-covered altar of Uskayaw.
  5495 | D:5      | Found a sparkling altar of Nemelex Xobeh.
  5495 | D:5      | Found a glowing silver altar of Zin.
  5495 | D:5      | Found an ancient bone altar of Kikubaaqudgha.
  5696 | D:5      | Slain by a gnoll sergeant

Illustrated notes

Levels and vault maps discovered:
D:1:      dpeg_arrival_round_b, layout_loops_ring
D:2:      layout_loops_ring
D:3:      lemuel_castle_with_subvaults [lemuel_castle_interior_carwin_3],
          layout_rooms, uniq_robin, uniq_crazy_yiuf_cottage
D:4:      layout_loops_ring, grunt_temple_overflow_holy_war,
          mainiacjoe_overflow_divided_tiny
D:5:      cheibrodos_fzero, layout_gridville,
          mainiacjoe_overflow_six_doors_small, grunt_temple_overflow_cloverleaf,
          minmay_temple_entry_tees
Temple:   dpeg_chambers_temple

Skill      XL: |  1  2  3  4  5  6  7  8 |
---------------+-------------------------+-----
Dodging        | 2 3 4 |  4.0
Fighting       | 2 3 4 |  4.5
Transmutations | 3 4 |  4.7
Poison Magic   | 1 2 3 |  3.0
Unarmed Combat | 4 5 6 |  6.5
Ice Magic      | 2 4 |  4.0
Spellcasting   | 3 |  3.9

Action                   |  1- 3 |  4- 6 |  7- 9 || total
-------------------------+-------+-------+-------++-------
Melee: Unarmed           |    61 |   203 |   225 ||   489
       Kick              |    15 |    23 |    32 ||    70
       Tailslap          |     4 |    12 |    16 ||    32
       Headbutt          |     8 |    13 |    27 ||    48
       Punch             |     1 |     5 |     3 ||     9
 Fire: Hunting sling     |       |    11 |       ||    11
 Cast: Beastly Appendage |    17 |    30 |    19 ||    66
       Spider Form       |       |    12 |    13 ||    25
 Abil: End Transformatio |       |     1 |       ||     1
  Use: Scroll            |       |       |     1 ||     1
 Stab: Sleeping          |     2 |     1 |       ||     3
Armor: Skin              |    15 |    43 |    31 ||    89
Dodge: Dodged            |    37 |   183 |   192 ||   412

Table legend: (Time is in decaauts)
 A = Elapsed time spent in this place.
 B = Non-inter-level travel time spent in this place.
 C = Inter-level travel time spent in this place.
 D = Time resting spent in this place.
 E = Time spent auto-exploring this place.
 F = Levels seen in this place.
 G = Mean time per level.
                   A        B        C        D        E       F      G
               +--------+--------+--------+--------+--------+-----+--------+
         Total |   5673 |   5563 |    110 |    958 |   2773 |   6 |  945.5 |
       Dungeon |   5343 |   5233 |    110 |    907 |   2546 |   5 | 1068.6 |
        Temple |    330 |    330 |      0 |     51 |    227 |   1 |  330.0 |
               +--------+--------+--------+--------+--------+-----+--------+

Top non-repeatable levels by time:
     D:3: 1573 daAuts
     D:2: 1423 daAuts
     D:1: 943 daAuts
     D:4: 835 daAuts
     D:5: 566 daAuts
  Temple: 330 daAuts
